 Dungeon Crawl Stone Soup version 0.27-a0-1579-g97d2440184 (webtiles) character file.

Game seed: 5462575615622785767

402 freelancePsychic the Conjurer (level 6, 0/43 HPs)
             Began as a Palentonga Conjurer on July 17, 2021.
             Killed from afar by an orc wizard (6 damage)
             ... with a magic dart
             ... on level 6 of the Dungeon.
             The game lasted 00:05:22 (2187 turns).

freelancePsychic the Conjurer (Palentonga Conjurer) Turns: 2187, Time: 00:05:23

Health: 0/43       AC:  4    Str: 10    XL:     6   Next: 55%
Magic:  3/18       EV:  9    Int: 20    God:
Gold:   66         SH:  0    Dex:  9    Spells: 6/9 levels left

rFire    + . .     SeeInvis +   i - staff of fire
rCold    . . .     Faith    .   (no shield)
rNeg     . . .     Spirit   .   a - +0 robe
rPois    .         Reflect  .   (no helmet)
rElec    .         Harm     .   (no cloak)
rCorr    .         Rampage  .   (no gloves)
Will     .....                  (no barding)
Stlth    +.........             (no amulet)
HPRegen  0.14/turn              c - ring of magical power
MPRegen  0.16/turn              (no ring)

@: no status effects
A: large, rugged brown scales 3, see invisible, deformed body, roll 1, armoured
tail
a: Rolling Charge


You were on level 6 of the Dungeon.
You visited 1 branch of the dungeon, and saw 4 of its levels.

You collected 66 gold pieces.

Inventory:

Armour
 a - a +0 robe (worn)
Magical Staves
 i - a staff of fire (weapon)
Jewellery
 c - a ring of magical power (left hand)
Scrolls
 g - a scroll of torment
Potions
 b - a potion of haste {unknown}
 f - a potion of heal wounds {@q2}
 h - a potion of mutation {unknown}


   Skills:
 - Level 1.5 Dodging
 - Level 1.2 Stealth
 - Level 2.2 Spellcasting
 + Level 6.2 Conjurations
 + Level 3.6 Translocations


You had 6 spell levels left.
You knew the following spells:

 Your Spells              Type           Power      Damage    Failure   Level
a - Magic Dart            Conj           100%       1d8       1%          1
b - Searing Ray           Conj           54%        3d5       1%          2

Your spell library contained the following spells:

 Spells                   Type           Power      Damage    Failure   Level
 Dazzling Flash           Conj/Hex       28%        N/A       13%         3
 Iskenderun's Mystic Bla  Conj/Tloc      21%        2d6       21%         4
 Fulminant Prism          Conj/Hex       7%         3d7       41%         4


Dungeon Overview and Level Annotations

Branches:
Dungeon (3/15)

Altars:
Xom

Shops:
D:6 ((

Annotations:
D:3 Grinder


Innate Abilities, Weirdness & Mutations

You are completely covered in rugged brown scales. (AC +3, +7% HP)
You have supernaturally acute eyesight. (SInv)
Armour fits poorly on your strangely shaped body.
You can roll at nearby foes to attack.
You have a long armoured tail.


Message History

The orc wizard casts a spell.
The orc wizard flickers and vanishes for a moment.
You see here 12 gold pieces.
Found 13 stones.
Found a stone staircase leading down.
An ogre comes into view. It is wielding a +0 giant club.
The ogre shouts!
It was a potion of heal wounds.
You feel much better.
Casting: Searing Ray (safe; 1% risk of failure)
Confirm with . or Enter, or press ? or * to list all spells.
Aiming: Searing Ray (safe; 1% risk of failure)
Press: ? - help, Shift-Dir - straight line, f - ogre
Aim: an ogre, wielding a +0 giant club (90% to hit)
The searing ray hits the ogre!
The ogre is moderately wounded.
The searing ray misses the orc. (Press . to maintain the ray.)
The searing ray hits the ogre!
The ogre is severely wounded.
The searing ray hits the orc!
You kill the orc!
The ogre hits you with a +0 giant club!!
Ouch! That really hurt!
* * * LOW HITPOINT WARNING * * *
The searing ray hits the ogre!
You kill the ogre!
Your Conjurations skill increases to level 6!
The searing ray misses the orc wizard.
You finish channeling your searing ray.
Casting: Searing Ray (safe; 1% risk of failure)
Confirm with . or Enter, or press ? or * to list all spells.
Aiming: Searing Ray (safe; 1% risk of failure)
Press: ? - help, Shift-Dir - straight line, f - orc wizard
Aim: an orc wizard, wielding a +0 dagger, wearing a +0 robe and wearing a +4 ring of evasion (63% to hit)
The searing ray misses the orc wizard.
The searing ray hits the orc!
You kill the orc! (Press . to maintain the ray.)
The searing ray hits the orc wizard!
The orc wizard is heavily wounded.
The orc wizard points at you and mumbles some strange words.
The magic dart hits you.
You die...

#.(##......... ..........[.#
#.##...##..## ##########o## ###
##....#o###.. #$#
#...#...###..##. #.# #......##
##o.#. #####.##
#...##.######.#.###### #...o...
#......)o†..#.#......## #......(
#....>.####.....####..####.......
#...#..# ####..@)o))....o.......
#...#..# #..#######.##..#.... #..
#$.# #...# #..#>###... #. .$=#
#.#..# ##..## ##.. #. #.#..
..##..# ### ## .### ..## #.# ...
.##.


You could see an orc wizard.

Vanquished Creatures
  2 ogres (D:6)
  A necrophage (D:6)
  4 gnolls (D:3)
  4 adders
  An adder skeleton (D:2)
  2 dart slugs
  3 orcs (D:6)
  4 bats
  6 endoplasms
  3 giant cockroaches
  6 hobgoblins
  11 jackals
  2 kobolds
  2 quokkas (D:1)
  2 ball pythons (D:1)
  4 frilled lizards
  4 goblins
  3 rats
64 creatures vanquished.

Notes
Turn   | Place    | Note
-------+----------+-------------------------------------------
     0 | D:1      | freelancePsychic the Palentonga Conjurer began the quest
                  | for the Orb.
     0 | D:1      | Reached XP level 1. HP: 13/13 MP: 3/3
   325 | D:1      | Reached XP level 2. HP: 20/20 MP: 5/5
   331 | D:1      | Learned a level 2 spell: Searing Ray
   379 | D:1      | Reached skill level 4 in Conjurations
   896 | D:2      | Reached XP level 3. HP: 25/25 MP: 6/6
  1254 | D:2      | Reached skill level 5 in Conjurations
  1358 | D:2      | Found a shimmering altar of Xom.
  1578 | D:3      | Reached XP level 4. HP: 32/32 MP: 7/7
  1636 | D:3      | Reached skill level 1 in Translocations
  1894 | D:3      | Reached XP level 5. HP: 37/37 MP: 8/8
  2077 | D:3      | Noticed Grinder
  2086 | D:3      | Paralysed by Grinder for 6 turns
  2096 | D:3      | You fall into a shaft and drop 3 floors!
  2100 | D:6      | Noticed an ogre
  2106 | D:6      | Noticed an orc warrior
  2113 | D:6      | Killed an ogre
  2125 | D:6      | Noticed a necrophage
  2137 | D:6      | Killed a necrophage
  2138 | D:6      | Reached XP level 6. HP: 10/43 MP: 3/9
  2159 | D:6      | Found Nerinn's Weapon Shoppe.
  2159 | D:6      | Found Oschecoc's Weapon Shoppe.
  2159 | D:6      | Identified the ring of Soriz {Ice rElec rN+ rCorr Str+2}
  2185 | D:6      | Reached skill level 6 in Conjurations
  2187 | D:6      | Killed from afar by an orc wizard

Illustrated notes

Levels and vault maps discovered:
D:1:      psy_arrival_terrarium, layout_basic
D:2:      layout_rooms, basic_altar
D:3:      layout_loops_ring, hellmonk_ecumenical_altar_pennies_from_heaven,
          uniq_grinder
D:6:      minmay_octagon_keep, layout_rooms, grunt_temple_overflow_octagram,
          wad_floor_pattern_untrapped, minmay_shop_grid_forest,
          minmay_misc_feat_tower

Skill      XL: |  1  2  3  4  5  6 |
---------------+-------------------+-----
Conjurations   | 4 5 6 |  6.2
Translocations | 1 3 |  3.6
Dodging        | |  1.5
Stealth        | |  1.2
Spellcasting   | |  2.2

Action                   |  1- 3 |  4- 6 || total
-------------------------+-------+-------++-------
 Cast: Magic Dart        |    19 |       ||    19
       Searing Ray       |    24 |    20 ||    44
  Use: Scroll            |       |     2 ||     2
       Potion            |       |     1 ||     1
Armor: Robe              |     2 |       ||     2
Dodge: Dodged            |     4 |    14 ||    18

Table legend: (Time is in decaauts)
 A = Elapsed time spent in this place.
 B = Non-inter-level travel time spent in this place.
 C = Inter-level travel time spent in this place.
 D = Time resting spent in this place.
 E = Time spent auto-exploring this place.
 F = Levels seen in this place.
 G = Mean time per level.
                   A        B        C        D        E       F      G
               +--------+--------+--------+--------+--------+-----+--------+
         Total |   2187 |   2137 |     50 |    130 |   1684 |   4 |  546.8 |
       Dungeon |   2187 |   2137 |     50 |    130 |   1684 |   4 |  546.8 |
               +--------+--------+--------+--------+--------+-----+--------+

Top non-repeatable levels by time:
     D:1: 939 daAuts
     D:2: 711 daAuts
     D:3: 445 daAuts
     D:6: 90 daAuts
